 Dungeon Crawl Stone Soup version 0.31-a0-523-g071a6c1ffa (webtiles) character file.

Game seed: 15574129988616296950

17990 Gargoyl the Cleaver (level 12, -2/76 HPs)
             Began as a Gargoyle Berserker on Aug 11, 2023.
             Was a Priest of Trog.
             Shot with an arrow by Nessos (4 damage)
             ... on level 3 of the Lair of Beasts.
             The game lasted 00:17:05 (9657 turns).

Gargoyl the Cleaver (Gargoyle Berserker)            Turns: 9657, Time: 00:17:06

Health: -2/76      AC: 24    Str: 22    XL:     12   Next: 53%
Magic:  12/12      EV:  9    Int:  6    God:    Trog [***...]
Gold:   716        SH: 11    Dex: 13    Spells: 11/11 levels left

rFire   . . .        e - +0 hand axe (vamp)
rCold   . . .        h - +0 kite shield
rNeg    + . .        r - +0 chain mail
rPois   ∞            g - +0 helmet
rElec   +            E - scarf {repulsion}
rCorr   .            C - +0 pair of gloves
SInv    .            f - +0 pair of boots
Will    ++...        B - amulet of regeneration Stlth
                     c - +4 ring of protection
HPRegen 2.12/turn    q - +4 ring of slaying
MPRegen 0.13/turn

%: repel missiles
@: strong-willed, regenerating
A: sickness immunity, AC +8, negative energy resistance 1, electricity
resistance, torment resistance 1, petrification resistance, deformed body, dopey
1
a: Renounce Religion, Berserk, Trog's Hand


You were on level 3 of the Lair of Beasts.
You worshipped Trog.
Trog was most pleased with you.
You visited 2 branches of the dungeon, and saw 13 of its levels.

You collected 896 gold pieces.
You spent 180 gold pieces at shops.

Inventory:

Hand Weapons
 a - a +0 hand axe
 e - a +0 vampiric hand axe (weapon)
 j - a +0 scimitar of flaming
 F - a +0 flail of protection
Missiles
 l - 6 poisoned darts (quivered)
 u - 4 throwing nets
Armour
 f - a +0 pair of boots (worn)
 g - a +0 helmet (worn)
 h - a +0 kite shield (worn)
 r - a +0 chain mail (worn)
 C - a +0 pair of gloves (worn)
 E - a scarf of repulsion (worn)
Jewellery
 c - a +4 ring of protection (left hand)
 n - a ring of protection from fire
 q - a +4 ring of slaying (right hand)
 t - a ring of willpower
 x - an amulet of guardian spirit
 B - an amulet of regeneration (around neck)
 H - a ring of protection from cold
Wands
 A - a wand of roots (5)
 D - a wand of flame (36)
Scrolls
 m - 2 scrolls of identify
 p - 2 scrolls of teleportation
 v - a scroll of revelation
 w - a scroll of poison
 G - a scroll of blinking
 I - a scroll of silence
Potions
 b - a potion of resistance
 d - 6 potions of lignification
 i - 3 potions of berserk rage
 k - 7 potions of curing
 o - 2 potions of haste
 z - a potion of invisibility


   Skills:
 + Level 9.3 Fighting
 + Level 0.1 Long Blades
 + Level 11.8 Axes
 + Level 0.4 Throwing
 + Level 9.0 Armour
 + Level 5.2 Dodging
 + Level 2.1 Stealth
 + Level 10.6 Shields


You had 11 spell levels left.
You didn't know any spells.
Your spell library was empty.

Dungeon Overview and Level Annotations

Branches:
Dungeon (10/15)            Temple (0/1) D:5            Lair (3/5) D:9
 Shoals (0/4) Lair:2          Orc (0/2) D:9
  Snake: Lair:2-3    Spider: Lair:2-3

Altars:
Fedhas
Okawaru
Sif Muna
Trog
Wu Jian

Shops:
D:2 ??(!*   D:5 (   D:6 *

Portals:
Abyss: Lair:1
Trove: D:10 (give 2 scrolls of acquirement)

Annotations:
Lair:1 2 transporters, Gargoyl's ghost, journeyman GrBe
Lair:3 Nessos


Innate Abilities, Weirdness & Mutations

You are immune to sickness and miasma.
Your stone body is resilient. (AC +8)
You are immune to poison.
You resist negative energy. (rN+)
You are resistant to electric shocks. (rElec)
You are resistant to unholy torment.
You are immune to petrification.
Armour fits poorly on your strangely shaped body.
You are dopey. (Int -2)


Message History

Nessos blinks!
Nessos mumbles some strange words.
Nessos blinks!
Aiming: Throw Flame
Press: ? - help, Q - select action, (/) - cycle Shift-Dir - straight line, f/p - Nessos
Aim: Nessos, wielding a +3 longbow of flaming and wearing a +0 barding (heavily wounded, fast, fleeing, 81% to hit)
The puff of flame hits Nessos!
Nessos is severely wounded.
Your attack snaps Nessos out of their fear.
You recover from your berserk rage.
Nessos intently looks at you, slowly moving their tail.
Nessos shoots an arrow.
The arrow hits you! The arrow burns you.
Nessos shoots an arrow.
The arrow hits you. The arrow burns you.
Aiming: Throw Flame
Press: ? - help, Q - select action, (/) - cycle Shift-Dir - straight line, f/p - Nessos
Aim: Nessos, wielding a +3 longbow of flaming and wearing a +0 barding (severely wounded, fast, 81% to hit)
The puff of flame hits Nessos.
Nessos is severely wounded.
Nessos shoots an arrow.
The arrow hits you! The arrow burns you.
* * * LOW HITPOINT WARNING * * *
You feel much better.
Nessos shoots an arrow.
The arrow hits you! The arrow burns you.
Nessos shoots an arrow.
The arrow hits you!
* * * LOW HITPOINT WARNING * * *
The arrow burns you.
* * * LOW HITPOINT WARNING * * *
Nessos says, "I'll learn you. I'll learn you yet!"
Nessos shoots an arrow.
The arrow hits you!
* * * LOW HITPOINT WARNING * * *
The arrow burns you.
* * * LOW HITPOINT WARNING * * *
Okay, then.
Okay, then.
You feel better.
Nessos shoots an arrow.
The arrow closely misses you.
Blink to where?
Press: ? - help, Dir - move target, p - Nessos
As you read the scroll of blinking, it crumbles to dust.
Nessos shoots an arrow.
The arrow hits you!
* * * LOW HITPOINT WARNING * * *
The arrow burns you.
You die...

#.### #### #
###....##### ##...^ ###
.........#. #...(^###..
..........##
##....##..##
...........#
#.....#...##
...........#
#.......###
.......<...####.......#
P......../....#(......#
#.......@.............#
#
#...................###
# ##...c.....(....(...#
##.........#(.(...##
##...........(.....#
#P..>..§...#.#....##
##.....(...####...#
##.......(# #....#
#.........## ###P...


You could see Nessos (fast).

Vanquished Creatures
  A hydra (Lair:2)
  Harold (D:9)
  Erica (D:8)
  2 two-headed ogres
  A boulder beetle (D:7)
  A black mamba (Lair:2)
  A gargoyle (D:10)
  5 cane toads
  An unseen horror (D:10)
  Maggie (Lair:1)
  Psyche (D:8)
  A yaktaur (D:10)
  4 komodo dragons
  A troll (D:9)
  A hornet (D:9)
  Prince Ribbit (D:8)
  A wraith (D:10)
  21 yaks
  2 wyverns
  2 steam dragons
  A vampire (D:9)
  Edmund (D:6)
  An acid dragon (D:10)
  5 water moccasins
  2 floating eyes (D:9)
  6 orc warriors
  3 ice beasts
  A black bear (D:5)
  9 centaurs
  3 ogres
  A kobold brigand (D:6)
  4 gnoll sergeants
  2 scorpions
  8 bullfrogs
  9 wights
  8 killer bees (D:8)
  An electric eel (D:9)
  5 howler monkeys
  7 hounds
  4 jellies
  2 orc priests
  A sleepcap (D:8)
  3 iguanas
  5 orc wizards
  Robin (D:3)
  8 gnolls
  9 adders
  A shadow imp (D:6)
  4 white imps
  An ufetubus (D:5)
  2 worms
  5 dart slugs
  18 orcs
  6 bats
  8 endoplasms
  5 giant cockroaches
  20 goblins
  6 hobgoblins
  6 jackals
  5 ball pythons
  5 frilled lizards
  11 kobolds
  4 rats
267 creatures vanquished.

Vanquished Creatures (collateral kills)
  An acid dragon (D:8)
  An orc (D:8)
2 creatures vanquished.

Grand Total: 269 creatures vanquished

Notes
Turn   | Place    | Note
-------+----------+-------------------------------------------
     0 | D:1      | Gargoyl the Gargoyle Berserker began the quest for the Orb.
     0 | D:1      | Reached XP level 1. HP: 14/14 MP: 1/1
   104 | D:1      | Reached XP level 2. HP: 19/19 MP: 2/2
   149 | D:1      | Reached skill level 3 in Axes
   278 | D:1      | Reached XP level 3. HP: 24/24 MP: 3/3
   380 | D:1      | Reached ** piety under Trog
   728 | D:2      | Found Pilafug's Distillery.
   734 | D:2      | Found Pyliug's Antique Weapon Emporium.
   738 | D:2      | Found Hoaluar's Magic Scroll Boutique.
   805 | D:2      | Reached skill level 1 in Shields
   805 | D:2      | Reached XP level 4. HP: 29/29 MP: 4/4
  1001 | D:2      | Found Booleida's Magic Scroll Boutique.
  1240 | D:2      | Found Pixikev's General Store.
  1409 | D:3      | Noticed Robin
  1416 | D:3      | Reached XP level 5. HP: 33/33 MP: 5/5
  1421 | D:3      | Killed Robin
  1427 | D:3      | Reached *** piety under Trog
  1478 | D:3      | Reached skill level 4 in Axes
  2178 | D:4      | Reached skill level 1 in Stealth
  2185 | D:4      | Reached XP level 6. HP: 38/38 MP: 6/6
  2406 | D:4      | Found an ornate altar of the Wu Jian Council.
  2444 | D:4      | Reached skill level 5 in Axes
  2444 | D:4      | Reached XP level 7. HP: 44/44 MP: 7/7
  2748 | D:5      | Entered Level 5 of the Dungeon
  3225 | D:5      | Found a staircase to the Ecumenical Temple.
  3322 | D:5      | Reached XP level 8. HP: 48/48 MP: 8/8
  3386 | D:5      | Reached skill level 6 in Axes
  3408 | D:5      | Found Quavva Noto's Antique Weapon Emporium.
  3649 | D:6      | Reached skill level 5 in Fighting
  3733 | D:6      | Found an iron altar of Okawaru.
  3874 | D:6      | Found Xosowyul's Neck Hole.
  3882 | D:6      | Bought a scarf of repulsion for 180 gold pieces
  3917 | D:6      | Reached skill level 7 in Axes
  3918 | D:6      | Noticed Edmund
  3936 | D:6      | Killed Edmund
  3937 | D:6      | Reached XP level 9. HP: 54/54 MP: 9/9
  4148 | D:7      | Reached skill level 5 in Shields
  4330 | D:7      | Noticed a boulder beetle
  4355 | D:7      | Reached skill level 5 in Armour
  4388 | D:7      | Killed a boulder beetle
  4389 | D:7      | Reached skill level 8 in Axes
  4422 | D:7      | Reached XP level 10. HP: 61/61 MP: 10/10
  4975 | D:8      | Noticed Psyche
  4999 | D:8      | Killed Psyche
  5041 | D:8      | Reached **** piety under Trog
  5166 | D:8      | Noticed Erica
  5191 | D:8      | Killed Erica
  5192 | D:8      | Reached skill level 9 in Axes
  5630 | D:8      | Noticed a two-headed ogre
  5639 | D:8      | Killed a two-headed ogre
  5640 | D:8      | Reached XP level 11. HP: 68/68 MP: 11/11
  5772 | D:8      | Noticed Prince Ribbit
  5819 | D:8      | Killed Prince Ribbit
  6011 | D:9      | Gained mutation: You are dopey. (Int -2) [potion of
                  | mutation]
  6011 | D:9      | Gained mutation: Armour fits poorly on your strangely
                  | shaped body. [potion of mutation]
  6031 | D:9      | Found a bloodstained altar of Trog.
  6049 | D:9      | Noticed Harold
  6083 | D:9      | Killed Harold
  6084 | D:9      | Reached skill level 10 in Axes
  6255 | D:9      | Found a staircase to the Lair.
  6268 | D:9      | Found a staircase to the Orcish Mines.
  6314 | D:9      | Paralysed by a floating eye for 2 turns
  6333 | D:9      | Paralysed by a floating eye for 2 turns
  6355 | D:9      | Paralysed by a floating eye for 2 turns
  6455 | D:9      | Paralysed by a floating eye for 4 turns
  6460 | D:9      | Paralysed by a floating eye for 4 turns
  6470 | D:9      | Found a blossoming altar of Fedhas.
  6519 | D:9      | Found a shimmering blue altar of Sif Muna.
  6829 | D:10     | Entered Level 10 of the Dungeon
  6865 | D:10     | Identified the +0 arbalest of Innocence {freeze, +Blink
                  | rElec Dex-3}
  6963 | D:10     | Found a portal to a secret trove of treasure.
  7480 | Lair:1   | Entered Level 1 of the Lair of Beasts
  7497 | Lair:1   | Reached skill level 10 in Shields
  7529 | D:9      | Reached skill level 5 in Dodging
  7529 | D:9      | Reached XP level 12. HP: 75/75 MP: 12/12
  7539 | D:9      | Noticed a two-headed ogre
  7558 | D:9      | Killed a two-headed ogre
  7559 | D:9      | Reached skill level 11 in Axes
  7608 | Lair:1   | Identified the +0 scale mail of the Kappa {Rampage Stlth+}
  7663 | Lair:1   | Found a transporter.
  7676 | Lair:1   | Noticed a sun demon
  7712 | Lair:1   | Noticed a thrashing horror
  7726 | Lair:1   | Found a transporter.
  8017 | Lair:1   | Noticed a hell hog
  8061 | Lair:1   | Noticed Maggie
  8074 | Lair:1   | Killed Maggie
  8412 | Lair:1   | Found a one-way gate to the infinite horrors of the Abyss.
  8414 | Lair:1   | Noticed Gargoyl's ghost (journeyman GrBe)
  8532 | Lair:2   | You fall into a shaft and drop 1 floor!
  8617 | Lair:3   | Noticed Nessos
  8621 | Lair:2   | Found a staircase to the Shoals.
  8663 | Lair:2   | Noticed an eight-headed hydra
  8676 | Lair:2   | Killed a three-headed hydra
  9576 | Lair:3   | HP: 2/76 [Nessos/arrow (2)]
  9655 | Lair:3   | HP: 2/76 [Nessos/arrow (4)]
  9657 | Lair:3   | Shot with an arrow by Nessos

Illustrated notes

Levels and vault maps discovered:
D:1:      eino_arrival_cavern_d, layout_rooms, minmay_crystal_room
D:2:      layout_basic, serial_shops, nicolae_shop_tiny_waterfront,
          nicolae_shop_advertising_works [nicolae_subvault_shop_adworks],
          nicolae_shop_industrial_runoff, shop, shop
D:3:      layout_loops_ring, uniq_robin
D:4:      layout_cave_pools, nzn_wu_jian_council_hall
D:5:      layout_gridville, lemuel_temple_firewalk_b, serial_shops, shop
D:6:      layout_rooms, okawaru_gym_becter, nicolae_shop_sticking_my_neck_out,
          uniq_edmund
D:7:      layout_basic, minmay_joined_circles
D:8:      layout_loops_ring, uniq_erica, uniq_prince_ribbit1, uniq_psyche
D:9:      layout_basic, kennysheep_mini_moat, nicolae_sif_muna_condensation,
          fedhas_ov_isle_minmay, dpeg_oklobed_lair, orc_0_dummy,
          minmay_variable_closet, nicolae_two_hexagons, onia_ninara_cookie,
          uniq_harold
D:10:     layout_roguey, enter_trove_1
Lair:1:   layout_long_grid, gammafunk_ghost_abyssal_escape, lemuel_fruit_fields,
          grunt_megastairs_2, uniq_maggie
Lair:2:   statuecave_lemuel, layout_chaotic_city, elwin_shoals_entry_rocks
Lair:3:   layout_cave_pods, spider_nest_entry_funnel_web, uniq_nessos

Skill      XL: |  1  2  3  4  5  6  7  8  9 10 11 12 |
---------------+-------------------------------------+-----
Axes           | 3 4 5 7 8 9 10 11 | 11.8
Fighting       | 4 5 6 7 8 9 |  9.3
Dodging        | 2 3 4 5 |  5.2
Shields        | 1 2 3 4 6 8 10 | 10.6
Stealth        | 1 2 |  2.1
Armour         | 3 4 5 7 8 9 |  9.0
Long Blades    | |  0.1
Throwing       | |  0.4

Action                     |  1- 3 |  4- 6 |  7- 9 | 10-12 || total
---------------------------+-------+-------+-------+-------++-------
  Melee: Hand axe          |    84 |   191 |   271 |   791 ||  1337
         Scimitar          |       |       |       |     7 ||     7
  Throw: Dart              |       |       |     3 |    10 ||    13
 Invoke: Berserk           |     1 |     3 |     6 |    12 ||    22
         Trog's Hand       |       |     1 |     7 |    10 ||    18
         Brothers in Arms  |       |       |       |     3 ||     3
  Evoke: Wand              |       |       |       |     2 ||     2
    Use: Scroll            |     2 |     4 |    13 |     9 ||    28
         Potion            |       |       |     2 |     7 ||     9
   Stab: Sleeping          |       |     1 |       |       ||     1
 Armour: Animal skin       |    53 |    69 |       |       ||   122
         Chain mail        |       |    18 |   178 |   440 ||   636
  Dodge: Dodged            |    66 |    72 |    80 |   249 ||   467
         Repelled          |       |       |       |     4 ||     4
  Block: Kite shield       |    14 |    84 |   146 |   439 ||   683

Table legend: (Time is in decaauts)
 A = Elapsed time spent in this place.
 B = Non-inter-level travel time spent in this place.
 C = Inter-level travel time spent in this place.
 D = Time resting spent in this place.
 E = Time spent auto-exploring this place.
 F = Levels seen in this place.
 G = Mean time per level.
                   A        B        C        D        E       F      G
               +--------+--------+--------+--------+--------+-----+--------+
         Total |   9852 |   9580 |    272 |    708 |   5960 |  13 |  757.8 |
       Dungeon |   7729 |   7481 |    248 |    214 |   4800 |  10 |  772.9 |
          Lair |   2123 |   2100 |     23 |    493 |   1160 |   3 |  707.7 |
               +--------+--------+--------+--------+--------+-----+--------+

Top non-repeatable levels by time:
  Lair:2: 1040 daAuts
     D:8: 1026 daAuts
     D:9: 956 daAuts
  Lair:1: 917 daAuts
     D:7: 875 daAuts
     D:5: 856 daAuts
     D:3: 817 daAuts
     D:2: 732 daAuts
     D:1: 687 daAuts
     D:4: 614 daAuts
    D:10: 603 daAuts
     D:6: 559 daAuts
  Lair:3: 165 daAuts
